 Dungeon Crawl Stone Soup version 0.29-a0-284-gf9362112df (webtiles) character file.

Game seed: 12384278284013547312

5292 sokol815 the Spear-Bearer (level 10, -7/46 HPs)
             Began as a Vine Stalker Gladiator on Apr 1, 2022.
             Was a Believer of Ignis.
             Mangled by a white ugly thing (19 damage)
             ... on level 9 of the Dungeon.
             The game lasted 00:17:42 (7384 turns).

sokol815 the Spear-Bearer (Vine Stalker Gladiator)  Turns: 7384, Time: 00:17:43

Health: -7/46      AC: 10    Str: 17    XL:     10   Next: 63%
Magic:  0/11       EV: 12    Int: 12    God:    Ignis [**....]
Gold:   584        SH:  5    Dex: 22    Spells: 5/9 levels left

rFire   + . .      SeeInvis .   a - +2 trident
rCold   . . .      Faith    .   t - +0 buckler
rNeg    . . .      Spirit   +   m - +2 leather armour "Xudailih" {rElec}
rPois   .          Reflect  .   o - +2 hat
rElec   +          Harm     .   v - +0 cloak
rCorr   .          Rampage  .   G - +0 pair of gloves
Will    ++...                   g - +0 pair of boots
Stlth   ++........              l - amulet of the acrobat
HPRegen 0.95/turn               u - +6 ring of dexterity
MPRegen 0.12/turn               W - ring of willpower

@: no status effects
A: fangs 3, regeneration 1, magic shield, antimagic bite, no potion heal 2
a: Renounce Religion, Fiery Armour, Foxfire Swarm, Rising Flame


You were on level 9 of the Dungeon.
You worshipped Ignis.
Ignis was pleased with you.
You visited 1 branch of the dungeon, and saw 9 of its levels.

You collected 584 gold pieces.

Inventory:

Hand Weapons
 a - a +2 trident (weapon)
 f - a +2 dagger of holy wrath
   (You took it off a goblin on level 4 of the Dungeon)
 x - a +1 dire flail of protection
   (You took it off Edmund on level 6 of the Dungeon)
 z - a +2 spear of freezing
   (You took it off a gnoll sergeant on level 8 of the Dungeon)
 A - a +1 whip of electrocution
   (You took it off Pikel on level 7 of the Dungeon)
 I - a +3 scimitar
   (You took it off a wight on level 8 of the Dungeon)
 M - a +2 vampiric dagger
   (You took it off a kobold brigand on level 8 of the Dungeon)
Missiles
 b - 2 boomerangs of dispersal {=f}
 d - 3 throwing nets {!d}
 h - 5 boomerangs
 p - a javelin
 r - 19 poisoned darts
 s - 403 stones
 w - 4 atropa-tipped darts
 F - 2 curare-tipped darts
Armour
 g - a +0 pair of boots (worn)
   (You found it on level 1 of the Dungeon)
 k - a scarf of harm
   (You found it on level 2 of the Dungeon)
 m - the +2 leather armour "Xudailih" (worn) {rElec}
   (You found it on level 5 of the Dungeon)

   rElec:     It insulates you from electricity.
 o - a +2 hat (worn)
   (You found it on level 3 of the Dungeon)
 t - a +0 buckler (worn)
   (You found it on level 4 of the Dungeon)
 v - a +0 cloak (worn)
   (You found it on level 2 of the Dungeon)
 C - a +2 robe of fire resistance
   (You took it off Pikel on level 7 of the Dungeon)
 G - a +0 pair of gloves (worn)
   (You found it on level 8 of the Dungeon)
 L - a +1 robe of cold resistance
   (You took it off a wight on level 8 of the Dungeon)
Magical Staves
 E - a staff of fire {rF+}
   (You found it on level 7 of the Dungeon)
Jewellery
 l - an amulet of the acrobat (around neck)
   (You found it on level 2 of the Dungeon)
 u - a +6 ring of dexterity (left hand)
   (You took it off an orc on level 4 of the Dungeon)
 H - an amulet of magic regeneration
   (You found it on level 7 of the Dungeon)
 W - a ring of willpower (right hand)
   (You found it on level 9 of the Dungeon)
Wands
 e - a wand of charming (7)
   (You found it on level 4 of the Dungeon)
 i - a wand of iceblast (24)
   (You found it on level 4 of the Dungeon)
 q - a wand of flame (24)
   (You found it on level 2 of the Dungeon)
 y - a wand of mindburst (21)
   (You found it on level 5 of the Dungeon)
Scrolls
 c - 3 scrolls of identify {@r1}
 j - 2 scrolls of amnesia
 D - 2 scrolls of blinking {!r}
 K - a scroll of immolation {!r}
 X - 3 scrolls of magic mapping {@r4!r}
 Y - a scroll of teleportation {@r3}
Potions
 n - 2 potions of attraction {!q}
 B - 2 potions of brilliance
 J - 3 potions of curing {@q1}
 N - 3 potions of heal wounds {@q2}
 R - a potion of resistance
 U - a potion of mutation {!q}


   Skills:
 + Level 2.2 Fighting
 - Level 14.0 Polearms
 - Level 1.7 Throwing
 - Level 2.4 Dodging
 * Level 2.7 Stealth
 + Level 1.1 Shields
 + Level 0.0 Spellcasting
 + Level 0.0 Conjurations
 + Level 0.0 Hexes
 + Level 0.0 Fire Magic


You had 5 spell levels left.
You knew the following spells:

 Your Spells              Type           Power      Damage    Failure   Level
a - Fulminant Prism       Conj/Hex       0%         3d6       99%         4

Your spell library contained the following spells:

 Spells                   Type           Power      Damage    Failure   Level
 Shock                    Conj/Air       0%         1d3       50%         1
 Sting                    Tmut/Pois      0%         1d3       50%         1
 Poisonous Vapours        Pois/Air       0%         N/A       63%         2
 Sublimation of Blood     Necr           0%         N/A       63%         2
 Wereblood                Tmut           0%         N/A       63%         2
 Confusing Touch          Hex            0%         N/A       86%         3
 Swiftness                Air            0%         N/A       86%         3
 Airstrike                Air            0%         N/A       99%         4
 Iskenderun's Mystic Bla  Conj/Tloc      0%         2d3       99%         4
 Olgreb's Toxic Radiance  Pois           0%         N/A       99%         4
 Lee's Rapid Deconstruct  Erth           0%         3d5*      100%        5
 Yara's Violent Unravell  Hex/Tmut       0%         3d3       100%        5
 Enfeeble                 Hex            0%         N/A       100%        7
 Summon Hydra             Summ           0%         N/A       100%        7


Dungeon Overview and Level Annotations

Branches:
Dungeon (9/15)             Temple (0/1) D:5
   Lair: D:8-11         Orc: D:9-12

Altars:
Ashenzari
Gozag
Hepliaklqana
Okawaru
Qazlal
Sif Muna
Vehumet
The Shining One
Ignis

Annotations:
D:3 exclusion: kobold brigand
D:5 Blork the orc


Innate Abilities, Weirdness & Mutations

You have razor-sharp teeth.
Your natural rate of healing is unusually fast.
When hurt, damage is shared between your health and your magic reserves.
Your bite disrupts and absorbs the magic of your enemies.
Potions cannot restore your health.


Message History

O - a scroll labelled DUOMA PIL YME
As you read the scroll labelled DUOMA PIL YME, it crumbles to dust.
Magic quickly surges around you.
It was a scroll of vulnerability.
You now have 564 gold pieces (gained 8).
You open the door.
There is an open door here.
Done exploring.
You start waiting.
You feel your willpower return.
(D) Dungeon (T) Temple
Where to? (Enter - D:8, ? - help)
There is an open door here.
There is a stone staircase leading down here.
You climb downwards.
There is a stone staircase leading up here.
You open the door.
Found a stone staircase leading down.
There is an open door here.
You now have 573 gold pieces (gained 9).
O - a +0 war axe You now have 584 gold pieces (gained 11).
W - a ring of willpower
W - a ring of willpower (right hand)
You drop a +0 war axe.
B - 2 potions of brilliance (gained 1)
s - 357 stones (gained 16)
s - 375 stones (gained 18)
You open the door.
There is an open door here.
A bullfrog comes into view.
The bullfrog croaks.
You hit the bullfrog. Your bite misses the bullfrog.
You block the bullfrog's attack.
You barely miss the bullfrog.
You bite the bullfrog, but do no damage.
The bullfrog closely misses you.
You hit the bullfrog. Your bite misses the bullfrog.
You block the bullfrog's attack.
You puncture the bullfrog!
You kill the bullfrog!
No target in view!
No target in view!
You see here a bullfrog corpse.
You open the door. You open the door.
Found an escape hatch in the ceiling.
There is an open door here.
You open the door.
There is an open door here.
You open the door.
Found a stone staircase leading up.
There is an open door here.
You open the door.
There is an open door here.
You open the door.
There is an open door here.
Found a stone staircase leading up.
You pick up a book of Blood and begin reading...
You add the spells Sublimation of Blood, Wereblood and Summon Hydra to your library.
This spell is potentially lethal to cast!
Memorise Fulminant Prism, consuming 4 spell levels and leaving 5?
You start memorising the spell.
You continue memorising. x4
You finish memorising.
Spell assigned to 'a'.
c - 3 scrolls of identify {@r1} (gained 1)
s - 403 stones (gained 28)
Found a stone staircase leading down.
A wight comes into view. It is wielding a +2 falchion.
The wight moves out of view.
Okay, then.
Okay, then.
A white ugly thing comes into view.
The white ugly thing gurgles horribly!
A wight comes into view. It is wielding a +0 battleaxe.
Found a glowing golden altar of the Shining One.
Found an opulent altar of Gozag and a hazy altar of Hepliaklqana.
You puncture the white ugly thing! Your bite misses the white ugly thing.
The white ugly thing closely misses you.
You puncture the white ugly thing!
You bite the white ugly thing, but do no damage.
You hit the white ugly thing. The white ugly thing misses you.
You puncture the white ugly thing! Your bite misses the white ugly thing.
You puncture the white ugly thing! You bite the white ugly thing.
You drain its power.
You block the white ugly thing's attack.
You hit the white ugly thing. You bite the white ugly thing.
You drain its power. The white ugly thing tail-slaps you.
The white ugly thing freezes you!!
Ouch! That really hurt!
You take 26 damage, and have 20/46 hp.
MASSIVE DAMAGE!!
You now have 5/11 mp.
You are too injured to fight recklessly!
You are too injured to fight recklessly!
You are too injured to fight recklessly!
You are too injured to fight recklessly!
You puncture the white ugly thing! You hit the white ugly thing.
The white ugly thing tail-slaps you!
* * * LOW HITPOINT WARNING * * *
The white ugly thing freezes you!!
You die...

#################
#...............#
#...............#
#...............#
#...............#
#...............##
.######.................
........................
##.@u.z.............
.._...#######...........
_..... #........... ....
#........### ..⌠
###........#.. ..
#..........#.. _
#..........'..
#..........#..
#z.........#..


You could see a white ugly thing and a wight.

Vanquished Creatures
  Pikel (D:7)
  Eustachio (D:6)
  3 yaks (D:8)
  Menkaure (D:7)
  Edmund (D:6)
  2 orc warriors (D:7)
  An ice beast (D:8)
  3 sky beasts
  A black bear (D:6)
  6 ogres
  6 centaurs
  A phantom (D:5)
  A lemure (D:7)
  4 kobold brigands
  A gnoll sergeant (D:8)
  6 scorpions
  A necrophage (D:7)
  3 bullfrogs
  5 wights (D:8)
  9 killer bees (D:7)
  A howler monkey (D:5)
  2 hounds
  A jelly (D:3)
  2 gnoll shamans (D:7)
  2 orc priests
  2 iguanas (D:4)
  3 orc wizards
  14 gnolls
  6 adders
  3 shadow imps
  A white imp (D:6)
  3 ufetubi
  A worm (D:3)
  13 dart slugs
  22 orcs
  4 endoplasms
  4 giant cockroaches
  8 goblins
  8 hobgoblins
  9 jackals
  13 kobolds
  8 quokkas
  8 ball pythons
  6 bats
  A frilled lizard (D:1)
  2 rats
204 creatures vanquished.

Vanquished Creatures (others)
  25 foxfires
  3 fungi (D:7)
  5 plants (D:7)
33 creatures vanquished.

Grand Total: 237 creatures vanquished

Notes
Turn   | Place    | Note
-------+----------+-------------------------------------------
     0 | D:1      | sokol815 the Vine Stalker Gladiator began the quest for the
                  | Orb.
     0 | D:1      | Reached XP level 1. HP: 11/11 MP: 2/2
    70 | D:1      | Reached skill level 3 in Polearms
   140 | D:1      | Reached XP level 2. HP: 15/15 MP: 3/3
   342 | D:1      | Reached XP level 3. HP: 14/18 MP: 2/4
   632 | D:1      | Reached skill level 4 in Polearms
   931 | D:2      | Found a faded altar of an unknown god.
   946 | D:2      | Prayed at the altar of an unknown god.
   946 | D:2      | Became a worshipper of Ignis, the Dying Flame
  1186 | D:2      | Gained mutation: Your natural rate of healing is unusually
                  | fast. [Vine Stalker growth]
  1186 | D:2      | Reached XP level 4. HP: 19/23 MP: 5/5
  1520 | D:2      | You fall into a shaft and drop 1 floor!
  1532 | D:3      | Noticed a kobold brigand
  1549 | D:3      | Reached skill level 5 in Polearms
  1616 | D:2      | Reached XP level 5. HP: 26/26 MP: 6/6
  1960 | D:3      | Found a radiant altar of Vehumet.
  2285 | D:3      | Reached XP level 6. HP: 30/30 MP: 7/7
  2436 | D:3      | Reached skill level 6 in Polearms
  2709 | D:4      | Reached skill level 7 in Polearms
  2709 | D:4      | Reached XP level 7. HP: 34/34 MP: 8/8
  2926 | D:4      | Found an iron altar of Okawaru.
  3319 | D:5      | Entered Level 5 of the Dungeon
  3444 | D:5      | Reached skill level 8 in Polearms
  3649 | D:5      | Noticed Blork the orc
  3690 | D:5      | Identified the +2 leather armour "Xudailih" {rElec}
  3787 | D:5      | Found a staircase to the Ecumenical Temple.
  3926 | D:5      | Gained mutation: You have razor-sharp teeth. [Vine Stalker
                  | growth]
  3926 | D:5      | Reached XP level 8. HP: 38/38 MP: 9/9
  4285 | D:6      | Noticed Edmund
  4286 | D:6      | Noticed Eustachio
  4296 | D:6      | Reached skill level 9 in Polearms
  4302 | D:6      | Killed Edmund
  4320 | D:6      | Killed Eustachio
  4348 | D:6      | Reached skill level 10 in Polearms
  4548 | D:6      | Reached XP level 9. HP: 34/42 MP: 7/10
  4956 | D:8      | Reached skill level 11 in Polearms
  5039 | D:7      | Found a stormy altar of Qazlal.
  5041 | D:7      | Noticed Pikel
  5050 | D:7      | Killed Pikel
  5122 | D:7      | Found a broken altar of Ashenzari.
  5136 | D:7      | Noticed Menkaure
  5148 | D:7      | Reached skill level 12 in Polearms
  5163 | D:7      | Killed Menkaure
  5345 | D:7      | Reached XP level 10. HP: 34/46 MP: 9/11
  5416 | D:7      | Reached skill level 13 in Polearms
  5815 | D:7      | Found a shimmering blue altar of Sif Muna.
  6552 | D:8      | Reached skill level 14 in Polearms
  6552 | D:8      | Reached skill level 1 in Stealth
  6563 | D:8      | Reached skill level 2 in Fighting
  6563 | D:8      | Reached skill level 2 in Stealth
  6670 | D:8      | Reached skill level 1 in Shields
  7284 | D:9      | Learned a level 4 spell: Fulminant Prism
  7362 | D:9      | Noticed a white ugly thing
  7374 | D:9      | Found a glowing golden altar of the Shining One.
  7376 | D:9      | Found an opulent altar of Gozag.
  7376 | D:9      | Found a hazy altar of Hepliaklqana.
  7384 | D:9      | Mangled by a white ugly thing

Illustrated notes

Levels and vault maps discovered:
D:1:      nzn_arrival_settlement, layout_basic
D:2:      layout_loops_ring, ebering_ecumenical_altar_webs,
          roderic_serpentine_path, grunt_decor_one_mirror
D:3:      kennysheep_slugbush, layout_basic, marbit_many_paths
D:4:      layout_basic, mainiacjoe_overflow_cross_hatched
D:5:      layout_gridville, temple_statues, uniq_blork_the_orc
D:6:      layout_loops_cross, uniq_edmund, uniq_eustachio
D:7:      kennysheep_seaside_town, layout_cave_pools,
          nicolae_sif_muna_little_library, ashenzari_conservatory_becter,
          nicolae_qazlal_scattered_showers, uniq_pikel, uniq_menkaure
D:8:      layout_basic
D:9:      layout_irregular_city, grunt_temple_overflow_open

Skill      XL: |  1  2  3  4  5  6  7  8  9 10 |
---------------+-------------------------------+-----
Polearms       | 3 4 5 7 8 10 12 14 | 14.0
Stealth        | 2 |  2.7
Fighting       | 2 |  2.2
Shields        | 1 |  1.1
Throwing       | |  1.7
Dodging        | |  2.4

Action                   |  1- 3 |  4- 6 |  7- 9 | 10-12 || total
-------------------------+-------+-------+-------+-------++-------
Melee: Trident           |    94 |   133 |   288 |   206 ||   721
       Bite              |    14 |    34 |    70 |    74 ||   192
       Punch             |     1 |       |       |       ||     1
Throw: Javelin           |     1 |       |       |       ||     1
Invok: Fiery Armour      |       |     1 |     3 |       ||     4
       Foxfire Swarm     |       |     1 |     1 |       ||     2
Evoke: Wand              |       |       |     3 |       ||     3
  Use: Scroll            |     1 |     7 |     9 |     3 ||    20
       Potion            |       |       |     2 |       ||     2
 Stab: Sleeping          |     2 |     3 |     9 |     2 ||    16
       Distracted        |       |       |       |     1 ||     1
Armor: Leather armour    |    25 |    26 |    88 |    15 ||   154
Dodge: Dodged            |    58 |    59 |   153 |    46 ||   316
Block: Buckler           |       |       |    58 |    17 ||    75

Table legend: (Time is in decaauts)
 A = Elapsed time spent in this place.
 B = Non-inter-level travel time spent in this place.
 C = Inter-level travel time spent in this place.
 D = Time resting spent in this place.
 E = Time spent auto-exploring this place.
 F = Levels seen in this place.
 G = Mean time per level.
                   A        B        C        D        E       F      G
               +--------+--------+--------+--------+--------+-----+--------+
         Total |   7325 |   7033 |    292 |    123 |   5408 |   9 |  813.9 |
       Dungeon |   7325 |   7033 |    292 |    123 |   5408 |   9 |  813.9 |
               +--------+--------+--------+--------+--------+-----+--------+

Top non-repeatable levels by time:
     D:7: 1078 daAuts
     D:8: 1046 daAuts
     D:2: 984 daAuts
     D:1: 918 daAuts
     D:5: 910 daAuts
     D:4: 739 daAuts
     D:3: 703 daAuts
     D:6: 640 daAuts
     D:9: 304 daAuts

Table legend:
 A = Kills in this place as a percentage of kills in entire the game.
 B = Kills by you in this place as a percentage of kills by you in the entire game.
 C = Kills by friends in this place as a percentage of kills by friends in the entire game.
 D = Other kills in this place as a percentage of other kills in the entire game.
 E = Experience gained in this place as a percentage of experience gained in the entire game.
 F = Experience gained in this place divided by the number of levels of this place that you have seen.
                   A       B       C       D       E      F
               +-------+-------+-------+-------+-------+----------------------
         Total | 100.0 | 100.0 |   N/A |   N/A | 100.0 | 840.0
       Dungeon | 100.0 | 100.0 |   N/A |   N/A | 100.0 | 840.0
               +-------+-------+-------+-------+-------+----------------------
